[Event "KAZ-ch Men 2017"]
[Site "Almaty"]
[Date "2017.04.11"]
[Round "1"]
[White "Zhanat, Saiyn"]
[Black "Zhandos, Agmanov"]
[Result "1/2-1/2"]
[ECO "E12"]
[WhiteElo "2395"]
[BlackElo "2377"]
[Annotator "ChessBase"]
[PlyCount "92"]
[EventDate "2017.??.??"]
[EventType "tourn"]
[EventCountry "KAZ"]
[SourceTitle "playchess.com"]
[Source "ChessBase"]
[SourceQuality "1"]
[TimeControl "40/5400+30:1800+30"]

1. d4 Nf6 2. Nf3 e6 3. c4 b6 4. a3 Bb7 5. Nc3 d5 6. Bg5 Be7 7. e3 O-O 8. Qc2 Nbd7 9. cxd5 Nxd5 10. Bxe7 Qxe7 11. Nxd5 Bxd5 12. Bd3 Bxf3 13. gxf3 Nf6 14. Rc1 c5 15. dxc5 bxc5 16. Qxc5 Qb7 17. Ke2 Qxb2+ 18. Rc2 Qb6 19. a4 Nd7 20. Qb5 Rfd8 21. Rd1 Nf6 22. Rc6 Qb8 23. Qxb8 Raxb8 24. Bb5 Nd5 25. Rd4 g6 26. f4 Kg7 27. Kf3 Rdc8 28. Rdc4 Rxc6 29. Rxc6 Rb7 30. e4 Nc7 31. Bc4 Kf6 32. a5 a6 33. Bxa6 Rb3+ 34. Kg2 Nxa6 35. Rxa6 Ra3 36. Ra7 h5 37. h4 Ra4 38. Kf3 Ra3+ 39. Kg2 Ra4 40. f3 Ra2+ 41. Kg3 Ra4 42. a6 Ra2 43. Ra8 Ra4 44. Kg2 Ra2+ 45. Kh3 Ra3 46. Kg3 Ra4 1/2-1/2

[Event "KAZ-ch Men 2017"]
[Site "Almaty"]
[Date "2017.04.12"]
[Round "2"]
[White "Nugumanov, Bakhtiyar"]
[Black "Makhnyov, Denis"]
[Result "1/2-1/2"]
[ECO "C54"]
[WhiteElo "2350"]
[BlackElo "2379"]
[Annotator "ChessBase"]
[PlyCount "57"]
[EventDate "2017.??.??"]
[EventType "tourn"]
[EventCountry "KAZ"]
[SourceTitle "playchess.com"]
[Source "ChessBase"]
[SourceQuality "1"]
[TimeControl "40/5400+30:1800+30"]

1. e4 e5 2. Nf3 Nc6 3. Bc4 Bc5 4. c3 Nf6 5. d4 exd4 6. e5 d5 7. Be2 Ne4 8. cxd4 Bb6 9. O-O O-O 10. Nc3 Bg4 11. Be3 f6 12. exf6 Nxf6 13. Na4 Qe7 14. Rc1 Rae8 15. Re1 Ba5 16. Nc3 Nd8 17. Ne5 Bxe2 18. Qxe2 c6 19. a3 Bxc3 20. Rxc3 Ne4 21. Rcc1 Nf7 22. Nd3 Ned6 23. Qg4 Qe4 24. Qd1 Qf5 25. b3 Re7 26. f3 Rfe8 27. Qd2 Qf6 28. Bf2 Nf5 29. Rxe7 1/2-1/2

[Event "KAZ-ch Men 2017"]
[Site "Almaty"]
[Date "2017.04.12"]
[Round "2"]
[White "Akhmetov, Ayan"]
[Black "Saiyn, Zhanat"]
[Result "1-0"]
[ECO "B06"]
[WhiteElo "2311"]
[BlackElo "2395"]
[Annotator "ChessBase"]
[PlyCount "91"]
[EventDate "2017.??.??"]
[EventType "tourn"]
[EventCountry "KAZ"]
[SourceTitle "playchess.com"]
[Source "ChessBase"]
[SourceQuality "1"]
[TimeControl "40/5400+30:1800+30"]

1. e4 g6 2. d4 d6 3. Nf3 Bg7 4. Bc4 a6 5. a4 Nf6 6. Qe2 O-O 7. O-O Bg4 8. h3 Bxf3 9. Qxf3 Nc6 10. c3 e5 11. Bd5 Nxd5 12. exd5 Ne7 13. dxe5 dxe5 14. Rd1 Qd7 15. Be3 Nf5 16. Nd2 Nd6 17. c4 f5 18. c5 e4 19. Qe2 f4 20. Bxf4 Rxf4 21. cxd6 cxd6 22. Nxe4 Bxb2 23. Rab1 Bg7 24. Ng5 Rxa4 25. Rxb7 Qxb7 26. Qe6+ Kh8 27. Nf7+ Qxf7 28. Qxf7 Ra1 29. Rxa1 Bxa1 30. Qe7 Be5 31. f4 Bd4+ 32. Kh2 Bc5 33. h4 Kg8 34. h5 gxh5 35. f5 Ra7 36. Qd8+ Kg7 37. Qg5+ Kf8 38. Qh6+ Kg8 39. Qxh5 Rf7 40. g4 Kf8 41. Qh6+ Kg8 42. Qe6 a5 43. g5 Kg7 44. f6+ Kg8 45. g6 hxg6 46. Qe8+ 1-0

[Event "KAZ-ch Men 2017"]
[Site "Almaty"]
[Date "2017.04.15"]
[Round "5"]
[White "Saiyn, Zhanat"]
[Black "Nugumanov, Bakhtiyar"]
[Result "1/2-1/2"]
[ECO "E00"]
[WhiteElo "2395"]
[BlackElo "2350"]
[Annotator "ChessBase"]
[PlyCount "150"]
[EventDate "2017.??.??"]
[EventType "tourn"]
[EventCountry "KAZ"]
[SourceTitle "playchess.com"]
[Source "ChessBase"]
[SourceQuality "1"]
[TimeControl "40/5400+30:1800+30"]

1. d4 e6 2. c4 Bb4+ 3. Nd2 d5 4. Qa4+ Nc6 5. a3 Be7 6. Ngf3 Nf6 7. e3 O-O 8. Qc2 b6 9. Bd3 Bb7 10. O-O a5 11. b3 Nb8 12. e4 dxe4 13. Nxe4 Nbd7 14. Bb2 Nxe4 15. Bxe4 Bxe4 16. Qxe4 c5 17. Rad1 Nf6 18. Qc6 Qb8 19. Rfe1 Rc8 20. Qb5 a4 21. bxa4 Ra5 22. Qb3 cxd4 23. Bxd4 Qa8 24. Bxb6 Rxa4 25. Ne5 Rxa3 26. Qb5 Qb7 27. Nd7 Ne4 28. Qe5 Rxc4 29. Bd4 Nf6 30. Bc5 Nxd7 31. Bxe7 Ra8 32. Qd6 Nf8 33. Rb1 Qc8 34. Bxf8 Qxf8 35. Qxf8+ Kxf8 36. Rec1 Rxc1+ 37. Rxc1 Ke7 38. h4 Ra7 39. g3 Kf6 40. Kg2 e5 41. Rc5 Kf5 42. Rb5 f6 43. Rb4 h5 44. Rc4 Ra2 45. Rc7 g6 46. Re7 Ra6 47. Rg7 Re6 48. Rg8 e4 49. Rg7 Rd6 50. Re7 Rd2 51. Re8 Rd6 52. Re7 Re6 53. Rg7 e3 54. fxe3 Rxe3 55. Rg8 g5 56. hxg5 fxg5 57. Ra8 Re4 58. Ra2 Rc4 59. Rb2 g4 60. Rf2+ Ke5 61. Re2+ Kd4 62. Re8 Rc2+ 63. Kg1 Rc5 64. Kg2 Re5 65. Rf8 Kd3 66. Rf7 Ke3 67. Rf8 Kd2 68. Rf7 Re2+ 69. Kg1 Ke3 70. Rf8 Ra2 71. Rf7 Ke4 72. Rf4+ Ke3 73. Rf8 Ra4 74. Kg2 Ra2+ 75. Kg1 Ke4 1/2-1/2

[Event "KAZ-ch Men 2017"]
[Site "Almaty"]
[Date "2017.04.15"]
[Round "5"]
[White "Agmanov, Zhandos"]
[Black "Akhmetov, Ayan"]
[Result "1-0"]
[ECO "C41"]
[WhiteElo "2377"]
[BlackElo "2311"]
[Annotator "ChessBase"]
[PlyCount "129"]
[EventDate "2017.??.??"]
[EventType "tourn"]
[EventCountry "KAZ"]
[SourceTitle "playchess.com"]
[Source "ChessBase"]
[SourceQuality "1"]
[TimeControl "40/5400+30:1800+30"]

1. e4 d6 2. d4 Nf6 3. Nc3 e5 4. Nf3 Nbd7 5. Bc4 Be7 6. O-O O-O 7. a4 c6 8. Ba2 h6 9. h3 Re8 10. Re1 Qc7 11. Nh4 Nf8 12. f4 exd4 13. Qxd4 d5 14. e5 Ne6 15. Qd1 Qb6+ 16. Kh2 Ne4 17. Nf5 N6c5 18. Nxe7+ Rxe7 19. a5 Qc7 20. Nxe4 Nxe4 21. c4 Be6 22. cxd5 cxd5 23. Be3 Qxa5 24. Qd4 Qb5 25. Bb1 Rc8 26. Bd3 Qd7 27. Qxa7 f6 28. Bxe4 dxe4 29. Rad1 Qb5 30. exf6 gxf6 31. Qd4 Qf5 32. Rc1 Rxc1 33. Rxc1 Rd7 34. Qb6 h5 35. Rc5 Bd5 36. Rc8+ Kh7 37. Rf8 Bc6 38. Qa7 Qg6 39. Qb8 Qg7 40. Qe8 Rd5 41. Qxe4+ Kh6 42. Rc8 Rd8 43. Rxc6 bxc6 44. Qxc6 Qe7 45. Bc5 Qf7 46. b4 Kg6 47. Qe4+ Kg7 48. Bf2 Rd2 49. Be1 Rb2 50. Bc3 Rb3 51. Qd4 Qe6 52. Qc5 Kg6 53. f5+ Qxf5 54. Qc4 Qb1 55. Qg8+ Kf5 56. Qf7 Ke4 57. Qxf6 Kd5 58. Qe5+ Kc6 59. Qe6+ Kc7 60. Be5+ Kd8 61. Bd6 Qc2 62. Qe7+ Kc8 63. Qe8+ Kb7 64. Qd7+ Ka6 65. Bc5 1-0

[Event "KAZ-ch Men 2017"]
[Site "Almaty"]
[Date "2017.04.19"]
[Round "9"]
[White "Agmanov, Zhandos"]
[Black "Makhnyov, Denis"]
[Result "1/2-1/2"]
[ECO "C67"]
[WhiteElo "2377"]
[BlackElo "2379"]
[Annotator "RC"]
[PlyCount "54"]
[EventDate "2017.??.??"]
[EventType "tourn"]
[EventCountry "KAZ"]
[SourceTitle "playchess.com"]
[Source "ChessBase"]
[SourceQuality "1"]
[TimeControl "40/5400+30:1800+30"]

1. e4 e5 2. Nf3 Nc6 3. Bb5 Nf6 4. O-O Nxe4 5. Re1 Nd6 6. Nxe5 Be7 7. Bf1 O-O 8. d4 Nf5 9. Nf3 d5 10. c3 Bf6 11. Bd3 g6 12. Nbd2 Nd6 13. Nf1 Bf5 14. Ng3 Bxd3 15. Qxd3 Ne7 16. Bf4 c6 17. Bxd6 Qxd6 18. Re2 Qd8 19. b3 Nc8 20. Rae1 Nd6 21. c4 dxc4 22. bxc4 Qa5 23. Qb3 c5 24. d5 b5 25. Ne4 Nxe4 26. Rxe4 Rab8 27. Ne5 Rfe8 1/2-1/2